cohdb
Replays
Latest Replays
All Replays
Popular Replays
Top Player Replays
Match Explorer
How It Works
Community
CoH3 Stats
Reddit
Sign in to upload your games and track your stats! →
Sign in with Steam
Match 45251542
Unlisted
Match 45251542
Overview
Messages
Build Orders
End
Pioneer Squad
Construct Infanterie Kompanie
MG 42 Machine Gun Team
Grenadier Squad
Grenadier Squad
Infanterie Officer Quarters
Grenadier Squad
GrW 34 Mortar Team
Selects Terror Battlegroup
Selects Machine Gun Camouflage
Selects Contempt for the Weak
Construct Panzergrenadier Kompanie
Medical Bunker
251 Medium Carrier
Pak 40 Anti-tank Gun Team
Grenadier Squad
Selects Propaganda Leaflet Drop
Pak 40 Anti-tank Gun Team
Grenadier Squad
Propaganda Leaflet Drop
Construct Panzer Kompanie
Panzer IV Medium Tank
Propaganda Leaflet Drop
251 Medium Carrier
Panzer IV Medium Tank
Side Skirts
Selects V1 Rocket Strike
V1 Rocket Strike
Pioneer Squad
Panzer IV Medium Tank
Propaganda Leaflet Drop
Panzergrenadier Squad
Panzer Officer Quarters
Propaganda Leaflet Drop
V1 Rocket Strike
Panzer IV Medium Tank
Pak 40 Anti-tank Gun Team
Selects No Quarter
A$C0R
anioki
✙X8X8L✙
[501.st.JFW] Tred
mrlinzq111
楚好人
BigBoss
HC
0
0
Comments
sign in to comment!
No comments posted yet!